Map: Romanticide LE

Players

MaxPax - Winner!

  • Race: Protoss Protoss

MarineLorD

  • Race: Terran Terran
  • League: Master

Event: DreamHack SC2 Masters 2021 Winter

VOD

Have the link to the VOD?

Description

Time

  • Played on: Oct. 16, 2021, 9:12 a.m.
  • Length: 5:23

All games in this series

Show
View Real Time Build Order
Export as new Build Order

MaxPax Protoss - Winner!

Build Orders: 1 Gate Expand, Blink Stalkers 

Get SALT Encoding   

  12  0:00  Probe  
  13  0:12  Probe  
  14  0:17  Pylon  
  14  0:24  Probe (Chrono Boost)  
  15  0:36  Probe (Chrono Boost)  
  15  0:37  Gateway  
  16  0:44  Probe (Chrono Boost)  
  16  0:45  Assimilator  
  17  0:50  Probe  
  18  1:03  Probe  
  19  1:15  Probe  
  20  1:22  Nexus  
  20  1:32  Cybernetics Core  
  20  1:34  Probe  
  21  1:41  Assimilator  
  21  1:47  Probe  
  22  1:52  Pylon  
  22  1:59  Probe  
  23  2:07  Adept (Chrono Boost)  
  23  2:08  Warp Gate  
  23  2:11  Probe (Chrono Boost)  
  26  2:21  Probe (Chrono Boost)  
  27  2:25  Twilight Council  
  27  2:26  Probe (Chrono Boost)  
  28  2:30  Stalker  
  28  2:35  Probe  
  31  2:37  Probe  
  32  2:47  Probe  
  32  2:48  Gateway  
  32  2:50  Probe  
  34  2:56  Blink (Chrono Boost)  
  34  2:59  Probe  
  34  3:02  Probe  
  36  3:11  Probe  
  37  3:15  Probe  
  37  3:16  Robotics Facility  
  38  3:23  Probe  
  38  3:24  Gateway  
  39  3:27  Probe  
  39  3:30  Gateway  
  40  3:36  Probe  
  40  3:39  Probe  
  40  3:41  Pylon  
  42  3:51  Pylon  
  42  3:56  Stalker  
  42  3:57  Stalker  
  42  3:59  Probe x2  
  42  4:00  Assimilator  
  48  4:05  Warp Prism  
  50  4:18  Stalker  
  50  4:20  Probe x2  
  50  4:22  Stalker x2  
  58  4:26  Stalker  
  60  4:36  Pylon  
  58  4:42  Stalker  
  58  4:45  Probe x2  
  62  4:49  Assimilator  
  62  4:51  Pylon  
  62  5:01  Stalker  
  62  5:02  Stalker x2  
  62  5:05  Stalker  
  70  5:08  Pylon  
  70  5:10  Probe x2  
Show
View Real Time Build Order
Export as new Build Order

MarineLorD Terran 

Build Orders:  

Get SALT Encoding   

  12  0:00  SCV  
  13  0:12  SCV  
  14  0:17  Supply Depot  
  14  0:24  SCV  
  15  0:38  SCV  
  15  0:40  Barracks  
  16  0:44  Refinery  
  16  0:50  SCV  
  17  1:03  SCV  
  18  1:15  SCV  
  19  1:27  Orbital Command  
  19  1:34  Marine  
  20  1:40  Command Center  
  20  1:49  Supply Depot  
  20  1:58  SCV  
  21  2:03  Factory, Barracks Reactor  
  21  2:12  SCV  
  21  2:14  Refinery  
  22  2:19  Bunker  
  22  2:24  SCV  
  23  2:36  SCV  
  24  2:48  Starport, SCV  
  25  2:53  Hellion x2  
  25  2:58  Orbital Command  
  29  3:00  SCV  
  30  3:12  SCV  
  30  3:15  Widow Mine x2  
  30  3:18  Supply Depot  
  35  3:23  SCV  
  35  3:25  SCV, Medivac  
  39  3:31  Supply Depot  
  39  3:37  Widow Mine x2  
  39  3:38  SCV  
  39  3:39  SCV  
  45  3:46  Barracks Tech Lab  
  45  3:50  SCV  
  45  3:51  SCV  
  47  3:57  Starport Tech Lab  
  47  4:02  SCV  
  48  4:03  SCV  
  49  4:14  SCV  
  49  4:15  SCV  
  49  4:17  Marine x2, Barracks  
  51  4:18  Siege Tank  
  51  4:19  Barracks  
  56  4:24  Raven  
  56  4:26  SCV  
  56  4:27  SCV  
  50  4:35  Marine x2  
  50  4:38  SCV  
  52  4:40  SCV  
  52  4:44  Bunker  
  49  4:46  Supply Depot  
  49  4:52  Marine  
  49  4:53  Marine  
  49  4:55  SCV, Engineering Bay  
  49  4:58  SCV  
  56  5:00  Refinery  
  56  5:07  SCV  

Tags
 
Add a new tag
Caveats
  • Supply blocks, unpowered buildings, or Contaminate may cause inaccurate times.
  • Supply counts are checked every 10 seconds.